 Dungeon Crawl Stone Soup version 0.18-a0-1225-g5d63bca (webtiles) character file.

134 abixa the Slasher (level 5, 0/38 HPs)
             Began as a Human Gladiator on Feb 3, 2016.
             Killed from afar by an orc wizard (3 damage)
             ... with a magic dart
             ... on level 3 of the Dungeon.
             The game lasted 00:04:07 (2330 turns).

abixa the Slasher (Human Gladiator)                 Turns: 2330, Time: 00:04:07

Health: 0/38       AC:  7    Str: 15    XL:     5   Next: 40%
Magic:  5/5        EV: 10    Int:  9    God:
Gold:   152        SH:  0    Dex: 14    Spells: 0 memorised, 4 levels left

rFire  . . .     SeeInvis .     a - +0 long sword
rCold  . . .     Gourm    .     k - +0 scale mail
rNeg   . . .     Faith    .     (no shield)
rPois  .         Spirit   .     c - +0 helmet
rElec  .         Dismiss  .     (no cloak)
rCorr  .         Reflect  .     (no gloves)
SustAt .         Harm     .     (no boots)
MR     .....                    (no amulet)
Stlth  ..........               (no ring)
                                (no ring)

@: not resistant to hostile enchantments, extremely unstealthy
A: no striking features
a: no special abilities


You were on level 3 of the Dungeon.
You were not hungry.

You visited 1 branch of the dungeon, and saw 3 of its levels.

You collected 152 gold pieces.

Inventory:

Hand Weapons
 a - a +0 long sword (weapon)
Missiles
 d - 2 throwing nets (quivered)
 j - 122 stones
 v - 8 sling bullets
Armour
 b - a +0 leather armour
 c - a +0 helmet (worn)
 k - a +0 scale mail (worn)
 u - a cursed +0 chain mail
Scrolls
 e - 3 scrolls of amnesia {unknown}
 g - 2 scrolls of teleportation {unknown}
 i - 3 scrolls of identify {unknown}
 l - 2 scrolls of random uselessness {unknown}
 m - a scroll of blinking {unknown}
 n - a scroll of magic mapping {unknown}
 q - a scroll of enchant weapon {unknown}
Potions
 o - a potion of berserk rage {unknown}
 p - a potion of lignification {unknown}
 r - a potion of poison {unknown}
 s - a potion of mutation {unknown}
Comestibles
 f - 4 bread rations
 h - 3 meat rations
 t - a chunk of flesh


   Skills:
 - Level 2.0 Fighting
 + Level 5.7 Long Blades
 - Level 2.0 Throwing
 - Level 3.0 Dodging


You had 4 spell levels left.
You didn't know any spells.

Dungeon Overview and Level Annotations

Branches:
Dungeon (3/15)

Altars:
Dithmenos
Makhleb

Annotations:
D:3 Purgy


Message History

Things that are here:
a club; a shiny ring mail; an orc corpse You are too injured to fight recklessly!
You are too injured to fight recklessly!
You are too injured to fight recklessly!
You see here a short sword.
The orc wizard casts a spell at you. The magic dart hits you!
* * * LOW HITPOINT WARNING * * *
You aren't carrying any items that can be evoked.
Unknown command.
Throwing (i - inventory. (,) - cycle):
d - 3 throwing nets (quivered)
Press: ? - help, Shift-Dir - straight line, f - orc wizard
Aim: an orc wizard, wielding a dagger of electrocution and wearing a robe (fast)
You throw a throwing net.
The throwing net barely misses the orc wizard.
The throwing net closely misses the orc.
The orc wizard casts a spell at you. The magic dart hits you!
You die...

#####>###.#
#.##.#.###..#..#
##..[## #.##..##
#..... #####
#.....# .##.#
#..##.## # #
#......#
##.####... ##.#
##. #..# . #@##
#o# #)# #o##
#(.# ##.# #.#
#.# #........


You could see an orc wizard and an orc.

Vanquished Creatures
  6 adders
  An ooze (D:3)
  A worm (D:2)
  2 giant geckos
  10 orcs
  4 bats
  6 giant cockroaches
  5 goblins
  6 hobgoblins
  5 jackals
  2 quokkas (D:3)
  2 giant newts (D:2)
  A kobold (D:2)
  7 rats
58 creatures vanquished.

Notes
Turn   | Place    | Note
--------------------------------------------------------------
     0 | D:1      | abixa the Human Gladiator began the quest for the Orb.
     0 | D:1      | Reached XP level 1. HP: 16/16 MP: 1/1
   224 | D:1      | Reached XP level 2. HP: 17/22 MP: 2/2
   388 | D:1      | Reached skill level 4 in Long Blades
   388 | D:1      | Reached XP level 3. HP: 22/27 MP: 3/3
   874 | D:2      | Found a burning altar of Makhleb.
  1106 | D:2      | Reached XP level 4. HP: 33/33 MP: 4/4
  1315 | D:2      | Reached skill level 5 in Long Blades
  1676 | D:3      | Noticed Purgy
  1695 | D:2      | Reached XP level 5. HP: 24/38 MP: 5/5
  1970 | D:3      | Found a shadowy altar of Dithmenos.
  2330 | D:3      | Killed from afar by an orc wizard

Vault maps used:
D:1:      dpeg_arrival_ternary
D:2:      lemuel_doored_altar, first_bread
D:3:      nicolae_dithmenos_through_a_glass_darkly, uniq_purgy

Action                   |  1- 3 |  4- 6 || total
-------------------------+-------+-------++-------
Melee: Long sword        |    84 |   126 ||   210
Throw: Throwing net      |       |     1 ||     1
  Eat: Chunk             |       |     5 ||     5
